 Dungeon Crawl Stone Soup version 0.28-a0-247-gb8bfbab023 (webtiles) character file.

Game seed: 5875553492247564982

7 SkeletonJelly the Ducker (level 1, -1/11 HPs)
             Began as a Spriggan Abyssal Knight on Aug 25, 2021.
             Was a Follower of Lugonu.
             Killed by divine providence
             ... invoked by a smoke demon
              (12 damage)
             ... on level 2 of the Abyss.
             The game lasted 00:01:23 (178 turns).

SkeletonJelly the Ducker (Spriggan Abyssal Knight)   Turns: 178, Time: 00:01:24

Health: -1/11      AC:  2    Str:  8    XL:     1   Next: 91%
Magic:  3/3        EV: 17    Int: 13    God:    Lugonu [*.....]
Gold:   0          SH:  0    Dex: 14    Spells: 0/0 levels left

rFire   . . .      SeeInvis +   a - +1 short sword
rCold   . . .      Faith    .   (shield restricted)
rNeg    . . .      Spirit   .   b - +0 robe
rPois   .          Reflect  .   (helmet restricted)
rElec   .          Harm     .   (no cloak)
rCorr   .          Rampage  .   (gloves unavailable)
Will    .....                   (boots unavailable)
Stlth   ++........              (no amulet)
HPRegen 0.03/turn               (no ring)
MPRegen 0.08/turn               (no ring)

@: very quick
A: very small, no large weapons, unfitting armour, see invisible, speed 3
a: Renounce Religion, Depart the Abyss


You were on level 2 of the Abyss.
You worshipped Lugonu.
Lugonu was aware of your devotion.
You visited 0 branches of the dungeon, and saw 0 of its levels.
You visited the Abyss 1 time.

Inventory:

Hand Weapons
 a - a +1 short sword (weapon)
Missiles
 f - 4 curare-tipped darts
Armour
 b - a +0 robe (worn)
Wands
 e - a wand of mindburst (6)
Scrolls
 c - a scroll of teleportation {unknown}
Potions
 d - a potion of invisibility {unknown}


   Skills:
 - Level 2.4 Fighting
 + Level 2.6 Short Blades
 - Level 3.2 Dodging
 + Level 1.8 Stealth
 - Level 1.7 Invocations


You couldn't memorise any spells.
You didn't know any spells.
Your spell library was empty.

Dungeon Overview and Level Annotations

Branches:
Dungeon (0/15)

Altars:


Innate Abilities, Weirdness & Mutations

You are very small and have problems with some larger weapons.
You are too small for most types of armour.
You have supernaturally acute eyesight. (SInv)
You cover ground extremely quickly. (Speed+++)


Message History

Welcome, SkeletonJelly the Spriggan Abyssal Knight.
The bosom of this dungeon contains the fabled artefact, the Orb of Zot.
Lugonu says: Depart the Abyss and spread corruption, my servant! (use the ability menu to exit the Abyss) Press ? for a list of commands and other information.
Found a dagger.
Found a corrupted altar of Lugonu.
Found a scroll labelled FUESAO ISHRIEP.
c - a scroll labelled FUESAO ISHRIEP
There is a corrupted altar of Lugonu here.
Found a gateway leading out of the Abyss.
There is a gateway leading out of the Abyss here.
A large abomination comes into view.
Found a gateway leading deeper into the Abyss.
There is a gateway leading deeper into the Abyss here.
You feel yourself growing ill in the presence of the ancient zyme.
You plunge deeper into the Abyss.
Found a red potion.
Found a gateway leading out of the Abyss.
Found a spear and an encrusted glass wand.
d - a red potion
Found 4 curare-tipped darts.
e - a wand of mindburst (9)
You see here 4 curare-tipped darts.
f - 4 curare-tipped darts A chaos spawn comes into view.
The chaos spawn roars!
A white imp comes into view.
Aiming: Mindburst
Press: ? - help, Shift-Dir - straight line, f - white imp
Aim: a white imp (wandering, hasn't noticed you, chance to affect: 73%)
Okay, then.
Unknown command.
Unknown command.
Unknown command.
Aiming: Mindburst
Press: ? - help, Shift-Dir - straight line, f - white imp
Aim: a white imp (wandering, hasn't noticed you, chance to affect: 73%)
The white imp shouts, "Away with thee, thou churlish ditch-delivered pussyfoot!"
The white imp's mind is blasted!
Aiming: Mindburst
Press: ? - help, Shift-Dir - straight line, f/p - white imp
Aim: a white imp (almost dead, chance to affect: 73%)
The white imp's mind is blasted!
You blow up the white imp!
Your Stealth skill increases to level 1!
Aiming: Mindburst
Press: ? - help, Shift-Dir - straight line, f - chaos spawn
Aim: a chaos spawn (chance to affect: 30%)
The chaos spawn easily resists.
The chaos spawn misses you.
A raiju comes into view.
The raiju barks!
A raiju comes into view.
A raiju comes into view.
A neqoxec comes into view.
The smoke demon roars!
The smoke demon gestures at you. Something smites you!
Ouch! That really hurt!
You die...

.#..# ..#.§# #.
3§# #.##.§####
#.#.#...#
#.#.####
###...##
##.##......#
#........##@#
######.#. #..#
#####.###.#.#.#
#
..#....#####.#
.#..# # ## #..
.. #.. #.# ≈≈≈
.# ..# .# ≈≈≈
.≈


You could see a smoke demon.

Vanquished Creatures
  A white imp (Abyss:2)
1 creature vanquished.

Notes
Turn   | Place    | Note
-------+----------+-------------------------------------------
     0 | Abyss:1  | SkeletonJelly the Spriggan Abyssal Knight began the quest
                  | for the Orb.
     0 | Abyss:1  | Reached XP level 1. HP: 11/11 MP: 3/3
     7 | Abyss:1  | Found a corrupted altar of Lugonu.
    58 | Abyss:1  | Noticed a large abomination
    77 | Abyss:1  | Noticed an ancient zyme
   116 | Abyss:2  | Noticed a chaos spawn
   123 | Abyss:2  | Reached skill level 1 in Stealth
   137 | Abyss:2  | Noticed a raiju
   137 | Abyss:2  | Noticed a raiju
   139 | Abyss:2  | Noticed a raiju
   152 | Abyss:2  | Noticed a neqoxec
   174 | Abyss:2  | Noticed a smoke demon
   178 | Abyss:2  | Killed from afar by a smoke demon

Illustrated notes

Levels and vault maps discovered:
Abyss:2:  base:
Temple

Skill      XL: |  1 |
---------------+----+-----
Stealth        | 1 |  1.8
Fighting       | |  2.4
Short Blades   | |  2.6
Dodging        | |  3.2
Invocations    | |  1.7

Action                   || total
-------------------------++-------
Evoke: Wand              ||     3
Dodge: Dodged            ||     1

Table legend: (Time is in decaauts)
 A = Elapsed time spent in this place.
 B = Non-inter-level travel time spent in this place.
 C = Inter-level travel time spent in this place.
 D = Time resting spent in this place.
 E = Time spent auto-exploring this place.
 F = Levels seen in this place.
 G = Mean time per level.
                   A        B        C        D        E       F      G
               +--------+--------+--------+--------+--------+-----+--------+
         Total |    110 |    110 |      0 |      0 |     41 |   2 |   55.0 |
         Abyss |    110 |    110 |      0 |      0 |     41 |   2 |   55.0 |
               +--------+--------+--------+--------+--------+-----+--------+

Top non-repeatable levels by time:
 Abyss:2: 62 daAuts
 Abyss:1: 47 daAuts
